AoeStats
← BunkeroXcomm

Four Lakes

509826143Analyzed
1v1 RM · 5d ago on Sep 28, 2026· 47m 56s· 2 players
Game mode
Random Map
Map size
Tiny (2 player)
Population
200
Speed
Normal
Resources
Standard
Victory
Conquest
Starting age
Dark Age
Ending age
Imperial Age
RankedLock teamsTeams togetherTeam positionsShared explorationLock speedFull tech treeHidden civsTurbo modeCheats
Victory
Defeat
🇦🇺 Poles · Australia
1084
+19
🇨🇴 Mongols · Colombia
1159
-19
islesofurth
0:26 Loom
13:21 Feudal Age
15:09 Double-Bit Axe
17:48 Horse Collar
22:23 Castle Age
20:38 Stone Mining
20:43 Fletching
22:00 Gold Mining
22:42 Pikeman
23:23 Squires
23:20 Bodkin Arrow
23:46 Bow Saw
23:37 Heavy Plow
25:02 Wheelbarrow
27:05 Hand Cart
27:11 Town Watch
30:03 Imperial Age
30:09 Imperial Age
29:35 Scale Barding Armor
29:40 Forging
30:26 Light Cavalry
31:16 Bloodlines
31:07 Husbandry
31:19 Bracer
32:00 Ballistics
32:20 Chain Barding Armor
33:14 Iron Casting
33:26 Padded Archer Armor
34:45 Crop Rotation
34:19 Murder Holes
35:24 Chemistry
35:27 Blast Furnace
34:28 Elite Skirmisher
36:31 Leather Archer Armor
36:46 Thumb Ring
38:10 Conscription
40:34 Winged Hussar
45:07 Lechitic Legacy
BunkeroXcomm
7:10 Loom
10:47 Feudal Age
11:17 Double-Bit Axe
12:01 Horse Collar
14:15 Forging
17:30 Fishing Lines
18:47 Wheelbarrow
21:27 Castle Age
19:26 Gold Mining
19:30 Stone Mining
20:37 Bloodlines
22:22 Husbandry
22:57 Scale Barding Armor
24:43 Thumb Ring
24:30 Fletching
25:54 Padded Archer Armor
27:16 Ballistics
28:59 Bodkin Arrow
34:12 Imperial Age
31:51 Light Cavalry
33:26 Leather Archer Armor
33:35 Chain Barding Armor
35:56 Chemistry
35:40 Parthian Tactics
37:35 Conscription
39:59 Bracer
41:41 Heavy Camel Rider
42:27 Squires
43:57 Pikeman
45:00 Scale Mail Armor
Connection lost

Rejoining the realm…

Still unreachable

The connection could not be restored.

Session expired

The server has moved on; the page needs a fresh start.